 Dungeon Crawl Stone Soup version 0.22.1-1-ga44c0e5 (webtiles) character file.

903 Lauz the Magician (level 7, 0/36 HPs)
             Began as a Deep Elf Fire Elementalist on Nov 1, 2018.
             Was an Initiate of Vehumet.
             Shot with an arrow by a centaur (5 damage)
             ... on level 6 of the Dungeon.
             The game lasted 00:21:55 (5795 turns).

Lauz the Magician (Deep Elf Fire Elementalist)      Turns: 5795, Time: 00:21:56

Health: 0/36       AC:  2    Str:  9    XL:     7   Next: 80%
Magic:  13/19      EV: 13    Int: 22    God:    Vehumet [......]
Gold:   363        SH:  0    Dex: 15    Spells: 11/19 levels left

rFire    . . .     SeeInvis .   (no weapon)
rCold    . . .     Gourm    .   (no shield)
rNeg     . . .     Faith    .   a - +0 robe
rPois    .         Spirit   .   (no helmet)
rElec    .         Reflect  .   (no cloak)
rCorr    .         Harm     .   (no gloves)
MR       .....                  (no boots)
Stlth    +.........             (no amulet)
HPRegen  0.12/turn              b - ring of attention (curse)
MPRegen  0.16/turn              p - +4 ring of strength

@: no status effects
A: no striking features
a: Renounce Religion


You were on level 6 of the Dungeon.
You worshipped Vehumet.
Vehumet was noncommittal.
You were not hungry.

You visited 1 branch of the dungeon, and saw 6 of its levels.

You collected 363 gold pieces.

Inventory:

Hand Weapons
 w - a +0 dagger of venom
Armour
 a - a +0 robe (worn)
Jewellery
 b - a cursed ring of attention (left hand)
 p - a +4 ring of strength (right hand)
 s - an uncursed amulet of faith {unknown}
Wands
 t - a wand of random effects (20)
Scrolls
 e - 7 scrolls of identify
 f - 2 scrolls of fog {unknown}
 g - a scroll of enchant weapon {unknown}
 h - 4 scrolls of teleportation
 i - a scroll of remove curse {unknown}
 l - 2 scrolls of noise {unknown}
 q - 2 scrolls of magic mapping {unknown}
 v - 2 scrolls of fear {unknown}
 y - a scroll of amnesia {unknown}
 A - a scroll of summoning {unknown}
Potions
 d - 2 potions of flight
 j - a potion of might {unknown}
 k - a potion of invisibility {unknown}
 m - a potion of resistance {unknown}
 n - 2 potions of curing {unknown}
 o - 2 potions of mutation {unknown}
 r - a potion of degeneration {unknown}
 u - a potion of cancellation {unknown}
 x - a potion of lignification {unknown}
 z - a potion of haste {unknown}
 C - a potion of heal wounds {unknown}
Comestibles
 c - 11 rations


   Skills:
 + Level 3.3 Dodging
 - Level 2.4 Stealth
 + Level 6.8 Spellcasting
 * Level 6.2 Conjurations
 + Level 5.9 Fire Magic


You had 11 spell levels left.
You knew the following spells:

 Your Spells              Type           Power        Failure   Level  Hunger
a - Flame Tongue          Conj/Fire      ####.        1%          1    None
b - Conjure Flame         Conj/Fire      ####....     1%          3    None
c - Sticky Flame          Conj/Fire      ####....     7%          4    ###....

Your spell library contained the following spells:

 Spells                   Type           Power        Failure   Level  Hunger
 Throw Flame              Conj/Fire      ####..       1%          2    None
 Inner Flame              Hex/Fire       ###.....     8%          3    None
 Fireball                 Conj/Fire      ####......   19%         5    #####..


Dungeon Overview and Level Annotations

Branches:
Dungeon (6/15)
 Temple: D:4-7

Altars:
Elyvilon
Fedhas
Hepliaklqana
Nemelex Xobeh
Ru
Vehumet
Yredelemnul


Message History

The fire ignites!
Casting: Conjure Flame (safe; 1% risk of failure)
Confirm with . or Enter, or press ? or * to list all spells.
Aiming: Flame Tongue (safe; 1% risk of failure)
Press: ? - help, Shift-Dir - straight line, f - leopard gecko
Aim: a leopard gecko (clinging)
The flame tongue hits the leopard gecko.
You kill the leopard gecko!
Vehumet accepts your kill.
The centaur shoots an arrow.
The arrow closely misses you.
Casting: Flame Tongue (safe; 1% risk of failure)
Confirm with . or Enter, or press ? or * to list all spells.
Aiming: Conjure Flame (safe; 1% risk of failure)
Press: ? - help, Dir - move target cursor The fire ignites!
The centaur shoots an arrow.
The arrow hits you.
* * * LOW HITPOINT WARNING * * *
The centaur shoots an arrow.
The arrow hits you.
* * * LOW HITPOINT WARNING * * *
The centaur shoots an arrow.
The arrow hits you.
You die...

##.#..##.......# #)#
#.###.[..<.....# #)#
#..#..##.......# #.#
#...#..........####.####
##.#####.......#.c(c...#
#.#####.......#§##.##.#
#.............#.##.##.#
#.#############(##.c..#
#.# #@####..# #.#
.####†####(.# #>#
...c........# ##.#
.###.#####.## .#.#
#.#####.# .#. #.......#
.# ######### .# .##


You could see a centaur.

Vanquished Creatures
  An orc warrior (D:6)
  A sky beast (D:4)
  An ice beast (D:6)
  An ogre (D:6)
  A big kobold (D:3)
  A howler monkey (D:5)
  3 orc priests
  4 orc wizards
  An iguana (D:4)
  A worker ant (D:4)
  7 adders
  An ooze (D:1)
  3 worms
  2 dart slugs
  A leopard gecko (D:6)
  23 orcs
  8 bats
  11 giant cockroaches
  4 goblins
  7 hobgoblins
  2 jackals (D:4)
  18 kobolds
  2 quokkas
  A ball python (D:1)
  5 frilled lizards
  A quokka skeleton (D:5)
  8 rats
119 creatures vanquished.

Notes
Turn   | Place    | Note
-------+----------+-------------------------------------------
     0 | D:1      | Lauz the Deep Elf Fire Elementalist began the quest for the
                  | Orb.
     0 | D:1      | Reached XP level 1. HP: 10/10 MP: 6/6
   139 | D:1      | Reached XP level 2. HP: 15/15 MP: 5/8
   804 | D:1      | Reached XP level 3. HP: 19/19 MP: 7/9
  1040 | D:2      | Learned a level 3 spell: Conjure Flame
  1883 | D:3      | Reached XP level 4. HP: 24/24 MP: 0/11
  2196 | D:2      | Learned a level 4 spell: Sticky Flame
  2200 | D:3      | Reached XP level 5. HP: 26/28 MP: 6/13
  2785 | D:3      | Reached skill level 5 in Spellcasting
  2949 | D:3      | Reached XP level 6. HP: 32/32 MP: 8/15
  3381 | D:4      | Noticed a sky beast
  3391 | D:4      | Killed a sky beast
  3391 | D:4      | Reached skill level 5 in Fire Magic
  3569 | D:4      | Found a hazy altar of Hepliaklqana.
  3753 | D:4      | Found a sacrificial altar of Ru.
  4135 | D:4      | Reached XP level 7. HP: 36/36 MP: 9/18
  4204 | D:5      | Entered Level 5 of the Dungeon
  4218 | D:5      | Reached skill level 5 in Conjurations
  4595 | D:5      | Found a sparkling altar of Nemelex Xobeh.
  4783 | D:5      | Found a radiant altar of Vehumet.
  4789 | D:5      | Found a basalt altar of Yredelemnul.
  4794 | D:5      | Became a worshipper of Vehumet
  4797 | D:5      | Found a blossoming altar of Fedhas.
  5158 | D:6      | Found a white marble altar of Elyvilon.
  5795 | D:6      | Shot with an arrow by a centaur

Skill      XL: |  1  2  3  4  5  6  7 |
---------------+----------------------+-----
Fire Magic     | 4 5 |  5.9
Dodging        | 3 |  3.3
Spellcasting   | 4 5 6 |  6.8
Conjurations   | 2 3 4 6 |  6.2
Stealth        | |  2.4

Action                   |  1- 3 |  4- 6 |  7- 9 || total
-------------------------+-------+-------+-------++-------
Melee: Unarmed           |     8 |     2 |       ||    10
 Cast: Flame Tongue      |    79 |   100 |    51 ||   230
       Conjure Flame     |     2 |     2 |     5 ||     9
       Sticky Flame      |       |     8 |     3 ||    11
  Use: Scroll            |     1 |       |     1 ||     2
  Eat: Chunk             |     2 |     8 |     3 ||    13
       Ration            |       |       |     1 ||     1
Armor: Robe              |     4 |     3 |     1 ||     8
Dodge: Dodged            |    14 |    23 |     9 ||    46
